[Event "ICC tourney 2260 (3 2)"]
[Site "Internet Chess Club"]
[Date "2020.12.31"]
[Round "10"]
[White "Chessnutt2014"]
[Black "saisiva765"]
[Result "1-0"]
[ICCResult "Black checkmated"]
[WhiteElo "1941"]
[BlackElo "1950"]
[Opening "QGD"]
[ECO "D52"]
[NIC "QO.16"]
[Time "14:37:58"]
[PlyCount "65"]
[TimeControl "180+2"]

1. d4 d5 2. c4 e6 3. Nc3 Nf6 4. Bg5 c6 5. Nf3 Nbd7 6. e3 Bb4 7. Bd3 Qa5 8.
Qc2 Ne4 9. cxd5 Nxc3 10. bxc3 Bxc3+ 11. Ke2 Bxa1 12. dxe6 fxe6 13. Rxa1 h6
14. Bg6+ Kf8 15. Bf4 Qb5+ 16. Bd3 Qh5 17. Rc1 Ke7 18. Qb2 Re8 19. Qb4+ Kf7
20. h3 a5 21. Qb1 a4 22. g4 Qxh3 23. Bg6+ Kf8 24. Bd6+ Kg8 25. Bxe8 Nf6 26.
Bg6 b6 27. Ne5 Ba6+ 28. Kd2 Qg2 29. Bf7+ Kh8 30. Ng6+ Kh7 31. Nf8+ Kh8 32.
Qh7+ Nxh7 33. Ng6# { Black checkmated } 1-0

[Event "ICC tourney 2260 (3 2)"]
[Site "Internet Chess Club"]
[Date "2020.12.31"]
[Round "10"]
[White "SuperBlueSky"]
[Black "StevChess01"]
[Result "1-0"]
[ICCResult "Black forfeits on time"]
[WhiteElo "1597"]
[BlackElo "1684"]
[Opening "Nimzo-Indian: classical variation"]
[ECO "E32"]
[NIC "NI.24"]
[Time "14:37:58"]
[PlyCount "41"]
[TimeControl "180+2"]

1. d4 Nf6 2. c4 e6 3. Nc3 Bb4 4. Qc2 O-O 5. e4 Bxc3+ 6. bxc3 c5 7. Bg5 d6
8. Nf3 Qc7 9. Bxf6 gxf6 10. Bd3 Kg7 11. h4 b6 12. Rh3 Rh8 13. Rg3+ Kf8 14.
Qd2 Ke7 15. Qh6 Ba6 16. Rc1 Nd7 17. Rg7 Nf8 18. e5 f5 19. Ng5 Qc6 20. Rxf7+
Ke8 21. Qf6 { Black forfeits on time } 1-0

[Event "ICC tourney 2260 (3 2)"]
[Site "Internet Chess Club"]
[Date "2020.12.31"]
[Round "10"]
[White "uzkuzk"]
[Black "JensenUVA"]
[Result "1-0"]
[ICCResult "Black resigns"]
[WhiteElo "1809"]
[BlackElo "1516"]
[Opening "Sicilian defense"]
[ECO "B20"]
[NIC "SI.48"]
[Time "14:38:27"]
[PlyCount "80"]
[TimeControl "180+2"]

1. e4 c5 2. a3 e5 3. b4 cxb4 4. axb4 Bxb4 5. c3 Bc5 6. d4 exd4 7. cxd4 Bb4+
8. Bd2 Bxd2+ 9. Nxd2 Nc6 10. Ngf3 Nge7 11. d5 Nb4 12. Qa4 a5 13. d6 Nec6
14. Nc4 O-O 15. Be2 b6 16. Qb5 Nc2+ 17. Kd2 Nxa1 18. Rxa1 Ba6 19. Qxb6 Bxc4
20. Qxd8 Rfxd8 21. Bxc4 Nb4 22. Ne5 Kf8 23. Nxf7 Rdc8 24. Ne5 Ra7 25. Bb3
Rc5 26. Nc4 Nc6 27. Kd3 Ne5+ 28. Kd4 Rb5 29. Nxe5 Rxb3 30. Rc1 g6 31. Rc8+
Kg7 32. Re8 Rb4+ 33. Kc5 Rxe4 34. Re7+ Kf6 35. Nxd7+ Rxd7 36. Rxe4 a4 37.
Rxa4 Ke6 38. Re4+ Kf7 39. Kc6 Ra7 40. d7 Ra1 { Black resigns } 1-0

[Event "ICC tourney 2260 (3 2)"]
[Site "Internet Chess Club"]
[Date "2020.12.31"]
[Round "10"]
[White "A4-H5"]
[Black "tigerche207"]
[Result "0-1"]
[ICCResult "White resigns"]
[WhiteElo "1999"]
[BlackElo "1934"]
[Opening "Amar (Paris) opening"]
[ECO "A00"]
[NIC "VO.16"]
[Time "14:38:13"]
[PlyCount "86"]
[TimeControl "180+2"]

1. Nh3 d5 2. d4 Nf6 3. Nc3 b6 4. Bf4 Bxh3 5. gxh3 e6 6. Qd3 Bd6 7. Bg5 h6
8. Bh4 Nbd7 9. Rg1 g5 10. Bg3 Qe7 11. h4 c5 12. Nb5 Bxg3 13. Qxg3 Ne4 14.
Qe3 Ndf6 15. O-O-O Qd7 16. a4 a6 17. Nc3 Nxc3 18. Qxc3 Qxa4 19. Kb1 Ne4 20.
Qe3 Rc8 21. Bg2 f5 22. Bxe4 fxe4 23. hxg5 Kd7 24. dxc5 Rxc5 25. g6 Qxc2+
26. Ka2 Ra5+ 27. Qa3 Rxa3+ 28. Kxa3 Qc5+ 29. Ka2 Qc4+ 30. Kb1 Qxe2 31. h4
h5 32. Rdf1 Qd3+ 33. Ka2 a5 34. Rd1 Qc4+ 35. Kb1 a4 36. Rg3 Rg8 37. Rc1 Qd4
38. Rc2 Qf6 39. Rgc3 Rxg6 40. Rc7+ Kd6 41. R2c6+ Ke5 42. Rxb6 Qxf2 43. Rc2
Qxb6 { White resigns } 0-1

[Event "ICC tourney 2260 (3 2)"]
[Site "Internet Chess Club"]
[Date "2020.12.31"]
[Round "10"]
[White "TheOrcaPro"]
[Black "caracleliem2"]
[Result "0-1"]
[ICCResult "White resigns"]
[WhiteElo "1735"]
[BlackElo "1152"]
[Opening "Sicilian defense"]
[ECO "B34"]
[NIC "SI.33"]
[Time "14:38:51"]
[PlyCount "152"]
[TimeControl "180+2"]

1. e4 c5 2. Nf3 Nc6 3. d4 cxd4 4. Nxd4 g6 5. c3 Bg7 6. Be3 Nf6 7. Nd2 O-O
8. Bc4 d6 9. f3 Bd7 10. O-O Rc8 11. Qb3 Nxd4 12. Bxd4 e5 13. Bxa7 Be6 14.
Bxe6 fxe6 15. Qxe6+ Kh8 16. Nc4 Re8 17. Qf7 Rc7 18. Bb6 Rxf7 19. Bxd8 Rxd8
20. Rad1 Rfd7 21. Rd2 d5 22. exd5 Rxd5 23. Rfd1 Rxd2 24. Rxd2 Rxd2 25. Nxd2
Kg8 26. Nc4 Nd5 27. Nd6 b6 28. Kf2 Kf8 29. Ke2 Ke7 30. Nc4 Ke6 31. g3 b5
32. Na3 Nc7 33. Kd3 Kd6 34. c4 bxc4+ 35. Nxc4+ Kd5 36. a4 Kc5 37. b3 Kb4
38. Kc2 Na6 39. a5 Bf6 40. g4 Nc5 41. h3 Kb5 42. Kc3 e4+ 43. Kd2 exf3 44.
Ke3 Nxb3 45. Nd6+ Kxa5 46. Kxf3 Nd4+ 47. Kf4 Ne6+ 48. Kg3 Kb6 49. Ne4 Be5+
50. Kh4 Kc6 51. g5 Kd5 52. Nf2 Bf4 53. Kg4 Bxg5 54. h4 Be3 55. Nh3 Ke4 56.
h5 Nf8 57. Ng5+ Bxg5 58. Kxg5 gxh5 59. Kxh5 Kf5 60. Kh4 Kg6 61. Kh3 h5 62.
Kg2 Kg5 63. Kh2 Kg4 64. Kg2 Ne6 65. Kh2 Nf4 66. Kg1 Kg3 67. Kh1 h4 68. Kg1
Ne2+ 69. Kh1 Nd4 70. Kg1 Nb3 71. Kh1 Nc1 72. Kg1 Nd3 73. Kh1 Nf2+ 74. Kg1
h3 75. Kf1 h2 76. Ke2 h1=Q { White resigns } 0-1

[Event "ICC tourney 2260 (3 2)"]
[Site "Internet Chess Club"]
[Date "2020.12.31"]
[Round "10"]
[White "ThirstyMonster"]
[Black "BillyC"]
[Result "0-1"]
[ICCResult "White resigns"]
[WhiteElo "1283"]
[BlackElo "1948"]
[Opening "QGD"]
[ECO "D30"]
[NIC "QP.08"]
[Time "14:38:16"]
[PlyCount "82"]
[TimeControl "180+2"]

1. d4 d5 2. c4 e6 3. Nf3 Nf6 4. Bg5 Be7 5. Nc3 Nbd7 6. e3 c6 7. Bd3 dxc4 8.
Bxc4 Nd5 9. Bxe7 Qxe7 10. e4 Nxc3 11. bxc3 Nb6 12. Bb3 Bd7 13. O-O O-O 14.
Qe2 f6 15. Rad1 Rac8 16. Rfe1 Kh8 17. e5 f5 18. g3 Be8 19. Qe3 Bh5 20. Rc1
h6 21. Kg2 g5 22. Rf1 f4 23. Qe4 Kg7 24. h3 Bg6 25. Qe2 h5 26. Bc2 g4 27.
Bxg6 Kxg6 28. Qe4+ Kg7 29. hxg4 hxg4 30. Nh4 f3+ 31. Kg1 Qg5 32. Kh2 Rh8
33. Rh1 Nd5 34. a3 Rh6 35. c4 Rch8 36. Kg1 Qxc1+ 37. Kh2 Rxh4+ 38. gxh4
Rxh4+ 39. Kg3 Qxh1 40. Qxg4+ Rxg4+ 41. Kxg4 Qg2+ { White resigns } 0-1

[Event "ICC tourney 2260 (3 2)"]
[Site "Internet Chess Club"]
[Date "2020.12.31"]
[Round "10"]
[White "dashrndrx1"]
[Black "auggie29"]
[Result "1-0"]
[ICCResult "Black checkmated"]
[WhiteElo "1803"]
[BlackElo "1095"]
[Opening "English opening"]
[ECO "A22"]
[NIC "EO.09"]
[Time "14:38:15"]
[PlyCount "91"]
[TimeControl "180+2"]

1. c4 Nf6 2. Nc3 e5 3. Nf3 e4 4. Ng5 Qe7 5. d3 exd3 6. Qxd3 h6 7. Nf3 d6 8.
g3 Bg4 9. Bg2 Nc6 10. a3 Ne5 11. Nxe5 Qxe5 12. Bxb7 Rb8 13. Bc6+ Bd7 14.
Bg2 Be7 15. O-O O-O 16. b4 c5 17. b5 Bc8 18. Bf4 Qe6 19. a4 Bb7 20. a5 Bxg2
21. Kxg2 Qd7 22. Rfb1 Qb7+ 23. f3 Rfd8 24. e4 g5 25. Be3 a6 26. Nd5 Nxd5
27. exd5 Bf6 28. Ra2 axb5 29. cxb5 Rd7 30. b6 Qc8 31. Qc4 Rdb7 32. a6 Rxb6
33. Rxb6 Rxb6 34. a7 Qa8 35. Ra6 Rb7 36. Rxd6 Be5 37. Rc6 Rxa7 38. Qxc5
Ra2+ 39. Bf2 Kg7 40. d6 Bf6 41. d7 Qd8 42. Qd6 Be7 43. Qxh6+ Kg8 44. Rc8
Qxc8 45. dxc8=Q+ Bf8 46. Qcxf8# { Black checkmated } 1-0

[Event "ICC tourney 2260 (3 2)"]
[Site "Internet Chess Club"]
[Date "2020.12.31"]
[Round "10"]
[White "LuckyNessLover"]
[Black "ChiefDas"]
[Result "0-1"]
[ICCResult "White checkmated"]
[WhiteElo "1655"]
[BlackElo "1857"]
[Opening "Sicilian: Smith-Morra gambit"]
[ECO "B21"]
[NIC "SI.48"]
[Time "14:38:11"]
[PlyCount "70"]
[TimeControl "180+2"]

1. e4 c5 2. d4 cxd4 3. c3 dxc3 4. Nxc3 Nc6 5. Nf3 d6 6. Bc4 e6 7. Bg5 Be7
8. Bf4 Nf6 9. e5 dxe5 10. Nxe5 Nxe5 11. Bxe5 O-O 12. O-O a6 13. Qf3 Qa5 14.
Rfe1 Bd7 15. Rad1 Bc6 16. Qg3 b5 17. Bd3 b4 18. Ne4 Bxe4 19. Bxe4 Rad8 20.
Rd3 Rxd3 21. Qxd3 Rd8 22. Qg3 b3 23. Rc1 bxa2 24. b3 Qd2 25. Qc3 Qxc3 26.
Bxc3 Nxe4 27. Ra1 Nxc3 28. g3 Rd1+ 29. Kg2 Rxa1 30. b4 Rg1+ 31. Kh3 a1=Q
32. b5 Qf1+ 33. Kg4 h5+ 34. Kf3 Qe2+ 35. Kf4 Qe4# { White checkmated } 0-1

[Event "ICC tourney 2260 (3 2)"]
[Site "Internet Chess Club"]
[Date "2020.12.31"]
[Round "10"]
[White "baldwinsthename"]
[Black "aberdeenace"]
[Result "0-1"]
[ICCResult "White checkmated"]
[WhiteElo "1228"]
[BlackElo "1546"]
[Opening "Robatsch (modern) defense"]
[ECO "A40"]
[NIC "KF.05"]
[Time "14:38:51"]
[PlyCount "88"]
[TimeControl "180+2"]

1. d4 g6 2. e4 Bg7 3. Be3 d6 4. c4 c5 5. Ne2 Nc6 6. dxc5 Bxb2 7. Bd4 Nxd4
8. Nxd4 dxc5 9. Nb3 Qxd1+ 10. Kxd1 Bxa1 11. Nxa1 e6 12. Bd3 Ne7 13. Ke2 O-O
14. Ke3 f5 15. f3 Bd7 16. h4 a6 17. Nb3 Rac8 18. N1d2 b5 19. h5 e5 20. g3
fxe4 21. fxe4 Rf6 22. g4 Bxg4 23. hxg6 hxg6 24. cxb5 axb5 25. Bxb5 Nc6 26.
Bc4+ Kg7 27. Nxc5 Nd4 28. Nd3 Nf3 29. Nxf3 Rxf3+ 30. Kd2 Rxc4 31. Nxe5 Rd4+
32. Kc2 Rf2+ 33. Kc3 Rxe4 34. Nxg4 Rxg4 35. Rh3 Rxa2 36. Rd3 Ra3+ 37. Kd2
Rg2+ 38. Ke3 Rg3+ 39. Kf2 Rgxd3 40. Ke2 Rdb3 41. Kd2 Rb2+ 42. Kc1 Rg2 43.
Kb1 Rh3 44. Kc1 Rh1# { White checkmated } 0-1

[Event "ICC tourney 2260 (3 2)"]
[Site "Internet Chess Club"]
[Date "2020.12.31"]
[Round "10"]
[White "VincentT2008"]
[Black "el008"]
[Result "0-1"]
[ICCResult "White resigns"]
[WhiteElo "1743"]
[BlackElo "1944"]
[Opening "Dutch defense, Rubinstein variation"]
[ECO "A40"]
[NIC "QO.17"]
[Time "14:38:31"]
[PlyCount "106"]
[TimeControl "180+2"]

1. d4 e6 2. c4 f5 3. Nc3 Bb4 4. Qc2 Nf6 5. e3 b6 6. Nf3 Bb7 7. Bd3 O-O 8.
a3 Bxc3+ 9. bxc3 d6 10. Rb1 Nbd7 11. Bd2 g6 12. O-O c5 13. Rfe1 e5 14. a4
e4 15. Be2 exf3 16. Bxf3 Be4 17. Bxe4 Nxe4 18. f3 Nxd2 19. Qxd2 Nf6 20. e4
fxe4 21. fxe4 Re8 22. Qf4 Nh5 23. Qg4 Qf6 24. Rf1 Qe6 25. Qxe6+ Rxe6 26. e5
cxd4 27. cxd4 dxe5 28. dxe5 Rxe5 29. g4 Ng7 30. Rbd1 Re4 31. Rd7 Rxg4+ 32.
Kh1 Rf8 33. Rfd1 Rgf4 34. Kg2 R4f7 35. R7d5 Rc7 36. R1d4 Nf5 37. Re4 Rxc4
38. Rxc4 Ne3+ 39. Kg3 Nxd5 40. Rd4 Rf5 41. Re4 Kf7 42. a5 b5 43. a6 b4 44.
Rd4 b3 45. Rd3 b2 46. Rb3 Rf6 47. Rb7+ Kg8 48. Rxb2 Rxa6 49. Rb8+ Kg7 50.
Rb7+ Kh6 51. h4 Ra3+ 52. Kg4 a5 53. Rd7 Nf6+ { White resigns } 0-1

[Event "ICC tourney 2260 (3 2)"]
[Site "Internet Chess Club"]
[Date "2020.12.31"]
[Round "10"]
[White "MIEMBR"]
[Black "local0928"]
[Result "1/2-1/2"]
[ICCResult "Game drawn because neither player has mating material"]
[WhiteElo "1842"]
[BlackElo "1785"]
[Opening "Queen's pawn game"]
[ECO "A46"]
[NIC "QP.06"]
[Time "14:38:09"]
[PlyCount "130"]
[TimeControl "180+2"]

1. d4 Nf6 2. Nf3 e6 3. g3 c5 4. Bg2 cxd4 5. O-O Nc6 6. Nxd4 Bc5 7. Nb3 Bb6
8. c4 O-O 9. Nc3 a6 10. Bf4 Bc7 11. Bxc7 Qxc7 12. e4 Ne5 13. c5 b6 14. cxb6
Qxb6 15. Qe2 a5 16. Na4 Qb4 17. Nac5 d6 18. a3 Qb8 19. f4 Nc6 20. e5 Nd5
21. exd6 a4 22. Nc1 Qxd6 23. N1d3 Nd4 24. Qe5 Qxe5 25. Nxe5 Ra5 26. Rac1
Ne3 27. Rfe1 Nec2 28. Ncd3 Nxe1 29. Rxe1 Rb5 30. Be4 Rxb2 31. Nxb2 Ba6 32.
Kf2 f5 33. Bf3 Rb8 34. Ke3 Nxf3 35. Kxf3 Rxb2 36. Nd7 Bb7+ 37. Ke3 Rb3+ 38.
Kd2 Rxa3 39. Rxe6 Ra2+ 40. Kc3 Be4 41. Ne5 Kf8 42. Ra6 Ke7 43. Kb4 Rxh2 44.
Rxa4 Rb2+ 45. Kc3 Rg2 46. Ra7+ Kf8 47. Nd7+ Ke8 48. Nc5 Rxg3+ 49. Kd4 h5
50. Nb7 Bxb7 51. Rxb7 Rg4 52. Ke5 Rg1 53. Kxf5 h4 54. Ke6 Kd8 55. Rb8+ Kc7
56. Rh8 Rg4 57. Kf5 Rg1 58. Rxh4 Kd7 59. Rg4 Rxg4 60. Kxg4 Ke6 61. Kg5 Ke7
62. f5 Kf7 63. Kg4 Kf6 64. Kf4 g6 65. fxg6 Kxg6 { Game drawn because
neither player has mating material } 1/2-1/2

[Event "ICC tourney 2260 (3 2)"]
[Site "Internet Chess Club"]
[Date "2020.12.31"]
[Round "10"]
[White "ekanshmehrotra"]
[Black "pari538"]
[Result "1-0"]
[ICCResult "Black checkmated"]
[WhiteElo "1843"]
[BlackElo "1522"]
[Opening "Hungarian defense"]
[ECO "C50"]
[NIC "IG.03"]
[Time "14:38:05"]
[PlyCount "133"]
[TimeControl "180+2"]

1. e4 e5 2. Nf3 Nc6 3. Bc4 Be7 4. c3 Nf6 5. d3 O-O 6. O-O d6 7. Nbd2 Bg4 8.
h3 Bh5 9. Qc2 Qd7 10. Re1 h6 11. Nh2 Na5 12. Bb3 Nxb3 13. axb3 a6 14. Ndf1
Bg6 15. Ng3 d5 16. exd5 Qxd5 17. Nf3 Qxd3 18. Qxd3 Bxd3 19. Nxe5 Bc2 20. b4
Bd6 21. Nc4 Bxg3 22. fxg3 Rfe8 23. Bf4 Bb3 24. Na5 Bd5 25. c4 Be4 26. Bxc7
Rac8 27. Bb6 Re6 28. c5 Nd7 29. Nc4 Bd5 30. Nd6 Nxb6 31. Rxe6 Bxe6 32. cxb6
Rc6 33. Nxb7 Rxb6 34. Nc5 Bc4 35. Rc1 Rxb4 36. b3 Bxb3 37. Rb1 a5 38. Rxb3
Rxb3 39. Nxb3 a4 40. Na1 a3 41. Kf2 f5 42. Ke3 Kf7 43. Kd3 Ke6 44. Kc3 g5
45. Kb3 h5 46. Kxa3 f4 47. gxf4 gxf4 48. Kb3 Kf5 49. Nc2 Kg5 50. Kc3 Kh4
51. Ne1 Kg3 52. Kd4 Kf2 53. Ke4 Kg3 54. Kf5 h4 55. Ke4 f3 56. gxf3 Kxh3 57.
f4 Kg4 58. f5 h3 59. Nf3 Kg3 60. f6 h2 61. Nxh2 Kxh2 62. f7 Kg2 63. f8=Q
Kh2 64. Qf2+ Kh3 65. Qg1 Kh4 66. Kf4 Kh5 67. Qg5# { Black checkmated } 1-0

[Event "ICC tourney 2260 (3 2)"]
[Site "Internet Chess Club"]
[Date "2020.12.31"]
[Round "10"]
[White "Aahilvalliani"]
[Black "martinjames28"]
[Result "0-1"]
[ICCResult "White resigns"]
[WhiteElo "813"]
[BlackElo "1196"]
[Opening "QGD Slav: Tolush-Geller gambit"]
[ECO "D15"]
[NIC "SL.03"]
[Time "14:37:56"]
[PlyCount "114"]
[TimeControl "180+2"]

1. d4 d5 2. c4 c6 3. Nc3 Nf6 4. Nf3 dxc4 5. e4 b5 6. e5 Nd5 7. Be2 Bf5 8.
O-O e6 9. Bd2 Be7 10. Nxd5 cxd5 11. Qe1 Nc6 12. b3 O-O 13. Rc1 Qb6 14. Be3
Bb4 15. Bd2 Bxd2 16. Qxd2 Be4 17. h3 Bxf3 18. Bxf3 Nxd4 19. Qe3 Nxf3+ 20.
Qxf3 Qd4 21. Qe2 Rfc8 22. Rfd1 Qb6 23. Qb2 cxb3 24. axb3 Qb7 25. Qd4 h6 26.
Kh2 a6 27. f4 Rxc1 28. Rxc1 Rc8 29. Rxc8+ Qxc8 30. b4 Qc4 31. Qd2 d4 32.
Kg1 Qc3 33. Qe2 Kf8 34. Kf1 Qc4 35. Qxc4 bxc4 36. Ke2 Ke7 37. Kf3 c3 38.
Ke2 Kd7 39. Kd3 Kc6 40. Kc2 Kb5 41. Kb3 a5 42. bxa5 Kxa5 43. g4 Kb5 44. f5
Kc5 45. h4 Kd5 46. f6 g6 47. g5 hxg5 48. hxg5 Kxe5 49. Kc2 Ke4 50. Kc1 d3
51. Kd1 c2+ 52. Kd2 Kd4 53. Kc1 Ke3 54. Kb2 d2 55. Kxc2 Ke2 56. Kc3 d1=Q
57. Kc4 Qd3+ { White resigns } 0-1

[Event "ICC tourney 2260 (3 2)"]
[Site "Internet Chess Club"]
[Date "2020.12.31"]
[Round "10"]
[White "Kinawa"]
[Black "bobiscool"]
[Result "1-0"]
[ICCResult "Black forfeits on time"]
[WhiteElo "1535"]
[BlackElo "1697"]
[Opening "Sicilian: dragon, Yugoslav attack, 10.O-O-O"]
[ECO "B78"]
[NIC "SI.18"]
[Time "14:38:13"]
[PlyCount "85"]
[TimeControl "180+2"]

1. e4 c5 2. Nf3 d6 3. d4 cxd4 4. Nxd4 Nf6 5. Nc3 g6 6. Be3 Bg7 7. f3 O-O 8.
Bc4 Nc6 9. Qd2 Bd7 10. O-O-O Rc8 11. Bb3 Nxd4 12. Bxd4 b5 13. g4 a5 14. h4
a4 15. Bd5 Nxd5 16. Nxd5 Be6 17. Nb4 Bxd4 18. Qxd4 Rc4 19. Qd2 Qa5 20. a3
Rfc8 21. h5 R4c5 22. hxg6 Bb3 23. c3 fxg6 24. Rde1 Qc7 25. Kb1 Qd7 26. Qh6
e5 27. Qd2 Qf7 28. Rh3 R5c7 29. Rf1 Qc4 30. Rhh1 Qe6 31. g5 Rc4 32. Qd5
Qxd5 33. Nxd5 R4c6 34. Ne7+ Kg7 35. Nxc8 Rxc8 36. Rh3 Rh8 37. f4 Bc4 38.
Rf2 Rf8 39. f5 d5 40. f6+ Kh8 41. Rfh2 Rf7 42. exd5 Bxd5 43. Re3 { Black
forfeits on time } 1-0

[Event "ICC tourney 2260 (3 2)"]
[Site "Internet Chess Club"]
[Date "2020.12.31"]
[Round "10"]
[White "Supersamraat"]
[Black "ved2006"]
[Result "1-0"]
[ICCResult "Black resigns"]
[WhiteElo "1548"]
[BlackElo "1719"]
[Opening "Queen's pawn, Mason variation"]
[ECO "D00"]
[NIC "QP.08"]
[Time "14:38:04"]
[PlyCount "123"]
[TimeControl "180+2"]

1. d4 d5 2. Bf4 Nf6 3. e3 e6 4. Nf3 c5 5. c3 Nc6 6. Nbd2 h6 7. h3 Bd6 8.
Bxd6 Qxd6 9. Bd3 b6 10. O-O O-O 11. Rc1 e5 12. dxe5 Nxe5 13. Nxe5 Qxe5 14.
Nf3 Qe7 15. Bc2 Bb7 16. Re1 Rad8 17. Nh4 Ne4 18. Nf3 Qf6 19. Qe2 Rd7 20.
Nh2 Rfd8 21. Ng4 Qe7 22. Red1 Nf6 23. Nxf6+ Qxf6 24. Qd3 g6 25. Qe2 d4 26.
cxd4 cxd4 27. exd4 Rxd4 28. Rxd4 Rxd4 29. Bb3 Re4 30. Qc2 Re7 31. Qd2 Kg7
32. Rd1 Qe5 33. Kf1 Ba6+ 34. Kg1 Qe2 35. Qxe2 Bxe2 36. Re1 Kf8 37. f3 Bb5
38. Kf2 Rxe1 39. Kxe1 Ke7 40. g3 f6 41. Kd2 g5 42. Ke3 Kd6 43. Kd4 Bf1 44.
h4 a5 45. Ke4 Bh3 46. hxg5 hxg5 47. g4 Bg2 48. Bd1 Ke6 49. Bb3+ Kd6 50. Bd5
Bxf3+ 51. Kxf3 Ke5 52. Be4 b5 53. Bf5 b4 54. Ke3 Kd5 55. Kd3 Kc5 56. b3 Kb5
57. Kd4 a4 58. Kd5 axb3 59. axb3 Kb6 60. Kc4 Ka5 61. Kc5 Ka6 62. Kxb4 {
Black resigns } 1-0

[Event "ICC tourney 2260 (3 2)"]
[Site "Internet Chess Club"]
[Date "2020.12.31"]
[Round "10"]
[White "atippa"]
[Black "AirMaisem"]
[Result "1-0"]
[ICCResult "Black checkmated"]
[WhiteElo "1732"]
[BlackElo "1171"]
[Opening "Ruy Lopez: old Steinitz defense"]
[ECO "C62"]
[NIC "RL.02"]
[Time "14:38:43"]
[PlyCount "107"]
[TimeControl "180+2"]

1. e4 e5 2. Nf3 Nc6 3. Bb5 d6 4. Nc3 Nf6 5. h3 Bd7 6. d3 a6 7. Ba4 b5 8.
Bb3 b4 9. Nd5 Nxd5 10. Bxd5 Be7 11. O-O O-O 12. Bd2 Rb8 13. Rb1 Nd4 14.
Nxd4 exd4 15. c3 bxc3 16. bxc3 Rxb1 17. Qxb1 dxc3 18. Bxc3 Be6 19. Bb3 Qd7
20. Qb2 f6 21. Rc1 Bxb3 22. Qxb3+ Kh8 23. Qc4 Qc8 24. Ba5 Bd8 25. Bxc7 Bxc7
26. Qxc7 Qe6 27. Rc6 Qxa2 28. Qxd6 Rg8 29. Rxa6 Qb1+ 30. Kh2 Qc2 31. Rc6
Qxf2 32. d4 h5 33. e5 fxe5 34. Qxe5 Rf8 35. Qxh5+ Kg8 36. Qd5+ Kh7 37. Qe4+
Kg8 38. Rc5 Qf4+ 39. Qxf4 Rxf4 40. Rc4 Kf7 41. Kg3 Rf1 42. d5 Rd1 43. Rc5
Kf6 44. Kf3 Ke5 45. Rc7 Kxd5 46. Rd7+ Ke5 47. Rxd1 g5 48. Kg4 Kf6 49. Rd6+
Kg7 50. Kxg5 Kh7 51. Rd7+ Kg8 52. Kf6 Kh8 53. Kg6 Kg8 54. Rd8# { Black
checkmated } 1-0

[Event "ICC tourney 2260 (3 2)"]
[Site "Internet Chess Club"]
[Date "2020.12.31"]
[Round "10"]
[White "karuto2006"]
[Black "realFreddyWeddy"]
[Result "1-0"]
[ICCResult "Black resigns"]
[WhiteElo "1699"]
[BlackElo "1104"]
[Opening "Sicilian: Najdorf, Byrne (English) attack"]
[ECO "B90"]
[NIC "SI.14"]
[Time "14:38:12"]
[PlyCount "99"]
[TimeControl "180+2"]

1. e4 c5 2. Nf3 d6 3. d4 cxd4 4. Nxd4 Nf6 5. Nc3 a6 6. Be3 e5 7. Nb3 Be7 8.
Be2 Be6 9. O-O O-O 10. h3 Nbd7 11. f4 exf4 12. Bxf4 Qb6+ 13. Kh1 Rac8 14.
Nd5 Bxd5 15. exd5 Rfe8 16. c3 Bf8 17. Bf3 Nc5 18. Nxc5 Qxc5 19. Bg4 Nxg4
20. Qxg4 Qxd5 21. Rad1 Qe6 22. Qg3 Red8 23. Rfe1 Qg6 24. Qf3 b5 25. Rd4 Re8
26. Red1 Rcd8 27. a4 Re6 28. axb5 axb5 29. h4 Rde8 30. R1d2 Qf6 31. Qh3 Re4
32. Bg5 Qe5 33. Rxe4 Qxe4 34. Rd4 Qe1+ 35. Kh2 Qe5+ 36. Qg3 Qxg3+ 37. Kxg3
h6 38. Bf4 Rd8 39. Rd5 Be7 40. Rxb5 Bf6 41. Be3 Be5+ 42. Kf3 f5 43. Bd4
Bxd4 44. cxd4 Kf7 45. Rxf5+ Ke6 46. Rb5 Rf8+ 47. Ke3 Re8 48. Kd3 Rc8 49.
Rb7 Rb8 50. Rxb8 { Black resigns } 1-0

[Event "ICC tourney 2260 (3 2)"]
[Site "Internet Chess Club"]
[Date "2020.12.31"]
[Round "10"]
[White "Viking21"]
[Black "hggonzalezzss"]
[Result "1-0"]
[ICCResult "Black checkmated"]
[WhiteElo "1905"]
[BlackElo "1767"]
[Opening "Sicilian: Alapin's variation (2.c3)"]
[ECO "B22"]
[NIC "SI.46"]
[Time "14:37:59"]
[PlyCount "119"]
[TimeControl "180+2"]

1. e4 c5 2. c3 d6 3. d4 cxd4 4. cxd4 g6 5. Nc3 Bg7 6. Be3 e6 7. f4 Ne7 8.
Nf3 a6 9. g4 b5 10. h4 h5 11. gxh5 Rxh5 12. Ng5 Bb7 13. Be2 Rh8 14. Bg4 Nd7
15. Bxe6 fxe6 16. Nxe6 Qa5 17. Nxg7+ Kf7 18. Qg4 Nf8 19. d5 Qb4 20. h5 Qxb2
21. hxg6+ Nfxg6 22. Qe6+ Kf8 23. Rxh8+ Nxh8 24. Qf6+ Nf7 25. Ne6+ Ke8 26.
Rc1 b4 27. Nc7+ Kf8 28. Nxa8 Bxa8 29. Na4 Qxf6 30. Nb6 Bb7 31. Nd7+ Kg7 32.
Nxf6 Kxf6 33. Rc7 Bc8 34. Bd4+ Kg6 35. Rxe7 Nh6 36. Rc7 Bg4 37. e5 dxe5 38.
fxe5 Nf5 39. Rc6+ Kg5 40. Bb2 Bf3 41. Rxa6 Bxd5 42. e6 Ne3 43. e7 Bf7 44.
Ra8 Nc2+ 45. Kd2 Nd4 46. Bxd4 Kf5 47. e8=Q Bxe8 48. Rxe8 Kg6 49. Kc2 Kf5
50. Kb3 Kg6 51. Kxb4 Kf5 52. a4 Kg6 53. a5 Kf7 54. Re1 Kf8 55. a6 Kf7 56.
a7 Kg6 57. Rf1 Kh7 58. Rg1 Kh6 59. a8=Q Kh7 60. Qh1# { Black checkmated }
1-0

[Event "ICC tourney 2260 (3 2)"]
[Site "Internet Chess Club"]
[Date "2020.12.31"]
[Round "10"]
[White "crazyhorse9"]
[Black "VeronicaG"]
[Result "0-1"]
[ICCResult "White checkmated"]
[WhiteElo "1462"]
[BlackElo "1828"]
[Opening "Caro-Kann: advance variation"]
[ECO "B12"]
[NIC "CK.04"]
[Time "14:38:51"]
[PlyCount "138"]
[TimeControl "180+2"]

1. e4 c6 2. d4 d5 3. e5 Bf5 4. Bd3 Bxd3 5. Qxd3 e6 6. f4 Ne7 7. Nf3 Nd7 8.
O-O Nf5 9. Nbd2 c5 10. c3 Qb6 11. Kh1 Be7 12. Re1 Rc8 13. Nf1 h6 14. Ne3
Nxe3 15. Bxe3 c4 16. Qc2 a5 17. f5 exf5 18. Qxf5 Qe6 19. Qxe6 fxe6 20. Ng1
b5 21. Nh3 O-O 22. Nf4 Rc6 23. Rf1 Bg5 24. Ng6 Rxf1+ 25. Rxf1 Bd8 26. a3
Kh7 27. Nf8+ Nxf8 28. Rxf8 Be7 29. Ra8 b4 30. Rxa5 bxa3 31. bxa3 Rb6 32.
Ra7 Rb1+ 33. Bg1 Bg5 34. g3 Be3 35. Kg2 Bxg1 36. Kf3 Bxh2 37. Ke3 Bxg3 38.
a4 Be1 39. a5 Bxc3 40. a6 Ra1 41. Ra8 Ba5 42. a7 Bb6 43. Re8 Bxa7 44. Rxe6
c3 45. Rc6 Re1+ 46. Kd3 Rd1+ 47. Kc2 Rxd4 48. Kxc3 Re4 49. e6 Bf2 50. Kd3
Bh4 51. Rd6 h5 52. Kc3 Bf6+ 53. Kd3 Kg6 54. e7 Rxe7 55. Rxd5 Re5 56. Rxe5
Bxe5 57. Ke2 Kf5 58. Kf1 g5 59. Kg1 h4 60. Kh1 g4 61. Kg1 Kf4 62. Kh1 Kf3
63. Kg1 h3 64. Kh1 g3 65. Kg1 Bh8 66. Kh1 g2+ 67. Kg1 Bd4+ 68. Kh2 g1=Q+
69. Kxh3 Qh1# { White checkmated } 0-1

[Event "ICC tourney 2260 (3 2)"]
[Site "Internet Chess Club"]
[Date "2020.12.31"]
[Round "10"]
[White "KingRayfish"]
[Black "garfield92037"]
[Result "0-1"]
[ICCResult "White checkmated"]
[WhiteElo "1469"]
[BlackElo "1843"]
[Opening "Sicilian defense"]
[ECO "B33"]
[NIC "SI.34"]
[Time "14:38:13"]
[PlyCount "156"]
[TimeControl "180+2"]

1. e4 c5 2. Nf3 Nc6 3. d4 cxd4 4. Nxd4 Nf6 5. Nc3 e6 6. Be2 Bb4 7. O-O O-O
8. Qd3 d5 9. exd5 exd5 10. Bg5 Be7 11. Rad1 Be6 12. Nxe6 fxe6 13. Qh3 Qc8
14. Bxf6 Bxf6 15. Bg4 Nd8 16. Nxd5 Qxc2 17. Bxe6+ Nxe6 18. Qxe6+ Kh8 19.
Nxf6 Rxf6 20. Qe7 Raf8 21. Rd7 Qg6 22. Qe2 h6 23. Rxb7 Re6 24. Qd2 Rd6 25.
Qc3 Rdf6 26. Qc5 Kh7 27. Rxa7 Rf5 28. Qe3 Re8 29. Re7 Ref8 30. Re6 Qh5 31.
h3 Rg5 32. Qe4+ Kh8 33. Qe3 Qf7 34. Re7 Qg6 35. g3 Rgf5 36. Kg2 Qc6+ 37.
Re4 Re5 38. f3 Ref5 39. Rf4 Rxf4 40. gxf4 Re8 41. Qc3 Re2+ 42. Kh1 Qg6 43.
Rg1 Qf7 44. Qd3 Rxb2 45. Qc3 Rxa2 46. f5 Kh7 47. Qd3 Kh8 48. Qe4 Ra7 49.
Qg4 Qf6 50. h4 Rd7 51. Qc4 Kh7 52. Qe4 Rd4 53. Rg6 Rxe4 54. Rxf6 Re1+ 55.
Kg2 gxf6 56. Kg3 Re5 57. Kg4 Kg7 58. f4 Re1 59. Kh5 Rh1 60. Kg4 Kf7 61. Kh5
Ke7 62. Kxh6 Rxh4+ 63. Kg6 Rxf4 64. Kh5 Rxf5+ 65. Kg4 Rg5+ 66. Kf3 Ke6 67.
Ke3 Rg4 68. Kd3 Ke5 69. Ke2 Rg3 70. Kf2 Ra3 71. Ke2 Kd4 72. Kf2 Ke4 73. Kg2
Kf4 74. Kf2 Ra2+ 75. Kf1 Ke3 76. Kg1 Kf3 77. Kh1 Kg3 78. Kg1 Ra1# { White
checkmated } 0-1